[Event "*** Titled Tuesday Blitz"]
[Site "Chess.com"]
[Date "2019.06.04"]
[Round "5"]
[White "Karacsonyi_Gellert"]
[Black "Ambitiousresolutions"]
[Result "1/2-1/2"]
[WhiteElo "2549"]
[BlackElo "2605"]
[TimeControl "180+2"]
[EndTime "14:05:11 PDT"]
[Termination "Game drawn by repetition"]

1. e4 e5 2. Nf3 Nc6 3. Bb5 a6 4. Bxc6 dxc6 5. O-O f6 6. d4 Bg4 7. dxe5 Qxd1 8. Rxd1 Bxf3 9. gxf3 fxe5 10. f4 Nf6 11.
fxe5 Nxe4 12. Be3 Bc5 13. Bxc5 Nxc5 14. Nc3 Rf8 15. Rd4 Ke7 16. Rad1 a5 17. f4 Rf7 18. Kg2 Raf8 19. Kg3 Rf5 20. a3 a4 21. Nxa4 Nxa4 22. Rxa4 g5 23. Rad4 gxf4+ 24. Kf3 Ke6 25. Rd7 R8f7 26.
Rxf7 Rxf7 27. Re1 Rf5 28. Re4 Rxe5 29. Kxf4 Rxe4+ 30. Kxe4 c5 31. c4 c6 32. a4 Kf6 33.
Kf4 Ke6 34. h4 Kf6 35. a5 h6 36. Ke4 Ke6 37. Kf4 Kf6 38. Kg4 Kg6 39. Kf4 Kf6 1/2-1/2

[Event "*** Titled Tuesday Blitz"]
[Site "Chess.com"]
[Date "2019.06.04"]
[Round "5"]
[White "x-6099009240"]
[Black "MathiasWomacka"]
[Result "1-0"]
[WhiteElo "2346"]
[BlackElo "2297"]
[TimeControl "180+2"]
[EndTime "14:05:14 PDT"]
[Termination "x-6099009240 won by resignation"]

1. e4 c5 2. Nf3 d6 3. d4 cxd4 4. Nxd4 Nf6 5. Nc3 a6 6. Be3 e5 7. Nb3 Be6 8. f3 Be7 9. Qd2 O-O 10. O-O-O Nbd7 11. g4 Qc7 12. g5 Nh5 13. Kb1 b5 14.
Ne2 Rfc8 15. Ng3 Nf4 16. h4 d5 17. Nf5 Bf8 18. h5 Nb6 19. g6 fxg6 20. hxg6 hxg6 21.
Nh4 Nc4 22. Bxc4 dxc4 23. Nc1 Rd8 24. Qh2 Rxd1 25. Rxd1 Rd8 26. Rxd8 Qxd8 27. Bxf4 exf4 28. Nxg6 Qf6 29. Qh8+ Kf7 30. Nxf8 Bc8 31. Nh7 Qc6 32. Ng5+ Kg6 33. Nh3 Bxh3 34. Qxh3 Kf6 35. Qh4+ Ke5 36.
Ne2 Qd6 37. Qg5+ Ke6 38. Qg6+ Kd7 39. Qxd6+ Kxd6 40. Nxf4 1-0

[Event "*** Titled Tuesday Blitz"]
[Site "Chess.com"]
[Date "2019.06.04"]
[Round "5"]
[White "Ruchess27"]
[Black "VeraNebolsina"]
[Result "0-1"]
[WhiteElo "2257"]
[BlackElo "2370"]
[TimeControl "180+2"]
[EndTime "14:05:16 PDT"]
[Termination "VeraNebolsina won by resignation"]

1. d4 Nf6 2. g3 g6 3. Bg2 Bg7 4. Nf3 O-O 5. O-O d6 6. c4 Nc6 7.
Nc3 e5 8. e4 Bg4 9. d5 Nd4 10.
Be3 Bxf3 11. Bxf3 Nd7 12. Bg2 c5 13. f4 f5 14. fxe5 Nxe5 15. b3 Qd7 16. Qd2 fxe4 17. Bxd4 Nf3+ 18. Bxf3 Bxd4+ 19. Kh1 exf3 20. Rae1 Qh3 21.
Ne4 Rae8 22. Ng5 Rxe1 23. Rxe1 Qf5 24. Ne6 f2 0-1

[Event "*** Titled Tuesday Blitz"]
[Site "Chess.com"]
[Date "2019.06.04"]
[Round "5"]
[White "NM2019"]
[Black "jamengrand"]
[Result "1-0"]
[WhiteElo "2117"]
[BlackElo "2117"]
[TimeControl "180+2"]
[EndTime "14:05:19 PDT"]
[Termination "NM2019 won on time"]

1. e4 e5 2. Nf3 Nc6 3. Bb5 Nf6 4. d3 Bd6 5. O-O h6 6. c3 a6 7. Ba4 b5 8. Bc2 Bb7 9. d4 g5 10. a4 g4 11. Nh4 exd4 12. Nf5 dxc3 13. Nxc3 Be5 14. axb5 axb5 15. Rxa8 Bxa8 16. Nxb5 d6 17. Nc3 Ne7 18. Ba4+ Kf8 19. Bxh6+ Kg8 20. Qd2 Nxf5 21.
exf5 Ne4 22. Nxe4 Bxe4 23. f4 gxf3 24. gxf3 Bb7 25. Kh1 Qh4 26. Rg1+ Kh7 27. Qg2 Qxh6 28. f6 Bxf3 29. Bc2+ Be4 30. Bxe4+ 1-0

[Event "*** Titled Tuesday Blitz"]
[Site "Chess.com"]
[Date "2019.06.04"]
[Round "5"]
[White "igorkovalenko"]
[Black "Zubrrr"]
[Result "1-0"]
[WhiteElo "2896"]
[BlackElo "2720"]
[TimeControl "180+2"]
[EndTime "14:05:20 PDT"]
[Termination "igorkovalenko won by resignation"]

1. d4 d5 2. Nf3 Nf6 3. e3 Bg4 4. h3 Bh5 5. c4 e6 6. Qb3 Bxf3 7.
gxf3 Nbd7 8. Qxb7 c5 9. cxd5 exd5 10. Nc3 cxd4 11. exd4 Rb8 12. Qxa7 Bd6 13. Bb5 O-O 14. Qa4 Qe7+ 15. Kd1 Nb6 16. Qc2 Rfc8 17. Re1 Qa7 18. Bg5 Nh5 19. a4 Nc4 20. Be3 Qa5 21. Rc1 Bb4 22.
Re2 g6 23. Qb3 Nxb2+ 24. Rxb2 Bxc3 25. Rbc2 Ng7 26. Rxc3 Rd8 27. Rc6 Qa7 28. Rc7 Qb6 29. R1c6 Qa5 30. Qc3 Rxb5 31. axb5 Qxb5 32. Rc8 Qf1+ 33.
Kd2 1-0

[Event "*** Titled Tuesday Blitz"]
[Site "Chess.com"]
[Date "2019.06.04"]
[Round "5"]
[White "kintoho"]
[Black "albi1999"]
[Result "1-0"]
[WhiteElo "2537"]
[BlackElo "2445"]
[TimeControl "180+2"]
[EndTime "14:05:20 PDT"]
[Termination "kintoho won by resignation"]

1. e4 e5 2. Nf3 Nc6 3. d4 exd4 4. c3 d5 5. Bd3 dxe4 6. Bxe4 Nf6 7. Bxc6+ bxc6 8.
Qxd4 Qxd4 9. Nxd4 Bd7 10. O-O O-O-O 11. Bg5 c5 12. Nb3 h6 13. Bxf6 gxf6 14. N1d2 Bc6 15. Rad1 Rg8 16. f3 h5 17. Kf2 Bh6 18. Ne4 c4 19.
Nd4 Bxe4 20. fxe4 Bf4 21. g3 Bd6 22. Nf5 Bc5+ 23. Kf3 Kb7 24. b4 cxb3 25. axb3 a5 26. Rd5 Rxd5 27. exd5 Rd8 28. c4 c6 29. Rd1 Kb6 30.
Ng7 cxd5 31. cxd5 h4 32. g4 Kb5 33. h3 Kb4 34. Rd3 Bd6 35. Nf5 Be5 36. Ne3 Rc8 37. Nc4 a4 38. Nxe5 axb3 39. Nc6+ Ka4 40. Rd4+ Ka3 41.
Rb4 b2 42. Rb7 Ka2 43. Nb4+ Ka1 44. Ra7+ Kb1 45. d6 Rc3+ 46. Ke4 Kc1 47. Na2+ Kd2 48.
Nxc3 1-0

[Event "*** Titled Tuesday Blitz"]
[Site "Chess.com"]
[Date "2019.06.04"]
[Round "5"]
[White "FrenchMonster2002"]
[Black "biostatistician"]
[Result "0-1"]
[WhiteElo "2357"]
[BlackElo "2534"]
[TimeControl "180+2"]
[EndTime "14:05:20 PDT"]
[Termination "biostatistician won on time"]

1. e4 e6 2. d4 d5 3. Bd3 dxe4 4. Bxe4 Nf6 5. Bf3 Nbd7 6. Ne2 e5 7. Nbc3 Bb4 8. a3 Bxc3+ 9. Nxc3 O-O 10. O-O Re8 11. Bg5 h6 12. Bh4 c6 13. Re1 Qb6 14. dxe5 Rxe5 15. Rxe5 Nxe5 16. Bxf6 gxf6 17. Be4 Bg4 18. Qd2 Kg7 19. Re1 Rd8 20. Qf4 Qxb2 21. Qg3 Kf8 22. Na4 Qd4 23. Nc3 Qd2 24. Rf1 Be2 25.
Nxe2 Qxe2 26. Bf3 Qxc2 27. h4 Qf5 28. Re1 Nxf3+ 29. gxf3 Qg6 30. Rb1 b6 31. Kh2 Qxg3+ 32. Kxg3 Rd3 33. Ra1 c5 34. Kf4 Rd4+ 35. Kf5 Rxh4 36.
f4 c4 37. Rc1 b5 0-1

[Event "*** Titled Tuesday Blitz"]
[Site "Chess.com"]
[Date "2019.06.04"]
[Round "5"]
[White "Krupko_Alexey"]
[Black "Rish_97"]
[Result "0-1"]
[WhiteElo "2298"]
[BlackElo "2453"]
[TimeControl "180+2"]
[EndTime "14:05:22 PDT"]
[Termination "Rish_97 won by resignation"]

1. e4 c5 2. Nf3 d6 3. d4 cxd4 4. Nxd4 Nf6 5. Nc3 Nc6 6. Bg5 e6 7. Qd2 a6 8. O-O-O Bd7 9. f4 b5 10. a3 Be7 11. Nf3 h6 12. Bh4 Rc8 13. e5 dxe5 14.
fxe5 Ng4 15. Bxe7 Qxe7 16. Ne4 Rd8 17. Nd6+ Kf8 18. Qe1 Ngxe5 19. Nxe5 Qg5+ 20. Kb1 Qxe5 21. Qf2 Be8 22. Qd2 Ke7 23. Bxb5 axb5 24. Rhe1 Qxd6 25. Qe2 Nd4 26. Qf2 f6 27. c3 Bg6+ 28. Ka2 Qd5+ 0-1

[Event "*** Titled Tuesday Blitz"]
[Site "Chess.com"]
[Date "2019.06.04"]
[Round "5"]
[White "Fins0905"]
[Black "Jbd735"]
[Result "1-0"]
[WhiteElo "2680"]
[BlackElo "2423"]
[TimeControl "180+2"]
[EndTime "14:05:23 PDT"]
[Termination "Fins0905 won on time"]

1. d4 d5 2. c4 c6 3. Nf3 e6 4. Qc2 Nf6 5. Bg5 Nbd7 6. Nbd2 h6 7. Bh4 Be7 8. e3 O-O 9. Be2 c5 10. cxd5 Nxd5 11. Bxe7 Qxe7 12. O-O b6 13. Rac1 Bb7 14. a3 Rfd8 15. dxc5 Nxc5 16. b4 Nd7 17. Nd4 Qg5 18. Ne4 Nxe3 19. Nxg5 Nxc2 20. Ngxe6 Nxd4 21. Nxd4 Nf6 22.
Nf5 Rd2 23. Bb5 Be4 24. Ne3 Bd3 25. Bc6 Rc8 26. Rfe1 Ra2 27. Rc3 Be4 28. b5 Bxc6 29. bxc6 Ne4 30. Rc4 Nc5 31. Nc2 1-0

[Event "*** Titled Tuesday Blitz"]
[Site "Chess.com"]
[Date "2019.06.04"]
[Round "5"]
[White "Rakesh"]
[Black "Saitama_Hero"]
[Result "0-1"]
[WhiteElo "2240"]
[BlackElo "2431"]
[TimeControl "180+2"]
[EndTime "14:05:28 PDT"]
[Termination "Saitama_Hero won by checkmate"]

1. e4 d6 2. d4 g6 3. Nc3 Bg7 4. Nf3 Nf6 5. Bd3 O-O 6. h3 c5 7. O-O cxd4 8. Nxd4 Nc6 9. Be3 d5 10. Nxc6 bxc6 11. exd5 Nxd5 12. Nxd5 cxd5 13. c3 Rb8 14. Qe2 Qa5 15. Rfd1 e6 16. a4 Bd7 17. b4 Qc7 18. Rdc1 Rfc8 19. Bc5 a5 20. Bb5 Bxb5 21. axb5 axb4 22.
Bxb4 Qd7 23. Ra5 Rc4 24. Rb1 Bxc3 25. Bxc3 Rxc3 26. b6 Qc6 27. Rab5 Rc1+ 28. Rxc1 Qxc1+ 29. Kh2 Rxb6 30. Ra5 Qc7+ 31. g3 Qb7 32. Qe5 Rb2 33. Kg2 d4+ 34. Kf1 Rb1+ 35. Ke2 Rb2+ 36. Kf1 Qh1# 0-1

[Event "*** Titled Tuesday Blitz"]
[Site "Chess.com"]
[Date "2019.06.04"]
[Round "5"]
[White "axvesik"]
[Black "norwaytoadog"]
[Result "1-0"]
[WhiteElo "2382"]
[BlackElo "2211"]
[TimeControl "180+2"]
[EndTime "14:05:30 PDT"]
[Termination "axvesik won by resignation"]

1. e4 e5 2. Nf3 Nc6 3. Bc4 Nf6 4.
d3 Be7 5. O-O O-O 6. Nc3 d6 7.
a3 h6 8. b4 a6 9. Ne2 Be6 10.
Ng3 d5 11. exd5 Nxd5 12. Bb2 Bg4 13. h3 Bxf3 14. Qxf3 Nb6 15. Bb3 Nd4 16. Bxd4 exd4 17. Rfe1 c6 18. Re4 Qd7 19. Rae1 Rae8 20. Nf5 Bg5 21. h4 Rxe4 22. Rxe4 Bc1 23. Qg4 g5 24.
Nxh6+ Kg7 25. Nf5+ Kg8 26. hxg5 Nd5 27. Nh6+ 1-0

[Event "*** Titled Tuesday Blitz"]
[Site "Chess.com"]
[Date "2019.06.04"]
[Round "5"]
[White "Niclox"]
[Black "TomsKantans"]
[Result "0-1"]
[WhiteElo "2647"]
[BlackElo "2552"]
[TimeControl "180+2"]
[EndTime "14:05:34 PDT"]
[Termination "TomsKantans won by resignation"]

1. e4 c5 2. Nf3 Nf6 3. e5 Nd5 4. Nc3 e6 5. Nxd5 exd5 6. c4 d4 7. b4 d6 8. exd6 Bxd6 9. bxc5 Bxc5 10. Bd3 O-O 11. O-O Nc6 12. a3 Re8 13. h3 Qf6 14.
Rb1 b6 15. Re1 Bb7 16. Be4 d3 17. Bxd3 Ne5 18. Be4 Nxf3+ 19. Bxf3 Rxe1+ 20. Qxe1 Bxf3 21. gxf3 Qg6+ 0-1

[Event "*** Titled Tuesday Blitz"]
[Site "Chess.com"]
[Date "2019.06.04"]
[Round "5"]
[White "velemajstor767276"]
[Black "Drags95"]
[Result "1/2-1/2"]
[WhiteElo "2524"]
[BlackElo "2788"]
[TimeControl "180+2"]
[EndTime "14:05:36 PDT"]
[Termination "Game drawn by repetition"]

1. d4 Nf6 2. c4 e6 3. Nc3 Bb4 4. f3 d5 5. a3 Bxc3+ 6. bxc3 c5 7. cxd5 exd5 8. e3 c4 9. Ne2 O-O 10. Ng3 Nc6 11. Be2 Na5 12. e4 Nb3 13. Ra2 b5 14.
O-O a5 15. Bg5 h6 16. Be3 Ra6 17. e5 Ne8 18. f4 f5 19. Qc2 Nc7 20. Rb1 Rc6 21.
Bf3 Be6 22. Rxb3 cxb3 23. Qxb3 Qe7 24. Bd2 Rc8 25. Be2 Qd8 26. Bd3 Qd7 27. Nf1 Rc4 28. Ne3 g5 29. Bxc4 dxc4 30. Qd1 gxf4 31. Nc2 Nd5 32.
h3 Kh7 33. Qf3 Rg8 34. Bxf4 Bf7 35. Ra1 Bh5 36. Qf2 Nxc3 37. Kh2 Bf7 38. Bxh6 Bd5 39. Ne3 Kxh6 40. Qh4+ Kg7 41. Qf6+ Kh7 42. Qh4+ Kg7 43. Qf6+ Kh7 44. Qh4+ Kg7 1/2-1/2

[Event "*** Titled Tuesday Blitz"]
[Site "Chess.com"]
[Date "2019.06.04"]
[Round "5"]
[White "VladDobrov"]
[Black "dusanacns"]
[Result "1-0"]
[WhiteElo "2831"]
[BlackElo "2654"]
[TimeControl "180+2"]
[EndTime "14:05:36 PDT"]
[Termination "VladDobrov won by resignation"]

1. d4 Nf6 2. c4 g6 3. g3 Bg7 4. Bg2 O-O 5. Nc3 d6 6. Nf3 Nc6 7. O-O Bg4 8. d5 Na5 9. Nd2 c5 10. Qc2 e5 11. a3 Rc8 12. Qd3 b6 13. b4 Nb7 14. Bb2 Nh5 15. Nb5 Ra8 16. e4 a6 17.
Nc3 Bd7 18. Rab1 cxb4 19. axb4 a5 20. bxa5 Nc5 21. Qc2 bxa5 22. Nb3 Na4 23. Ba3 Qc7 24. c5 Nxc5 25. Nxc5 dxc5 26. Nb5 Bxb5 27. Rxb5 Rfc8 28. Rxc5 Qd8 29. Rc6 Bf8 30. Bb2 Bd6 31. Ra1 Nf6 32. Ra4 Nd7 33. Bh3 Rc7 34. Rac4 Raa7 35. Rxd6 1-0

[Event "*** Titled Tuesday Blitz"]
[Site "Chess.com"]
[Date "2019.06.04"]
[Round "5"]
[White "Durarbayli"]
[Black "Polish_fighter3000"]
[Result "0-1"]
[WhiteElo "2752"]
[BlackElo "3010"]
[TimeControl "180+2"]
[EndTime "14:05:37 PDT"]
[Termination "Polish_fighter3000 won by resignation"]

1. e4 e6 2. d4 d5 3. e5 c5 4. c3 Bd7 5. Nf3 Qb6 6. Be2 cxd4 7.
cxd4 Bb5 8. O-O Bxe2 9. Qxe2 Nc6 10. Nc3 Nge7 11. Na4 Qa6 12. Qxa6 bxa6 13. Be3 Nf5 14.
Rfc1 Kd7 15. Ng5 Ncxd4 16. Bxd4 Nxd4 17. Rd1 Be7 18. Nxf7 Ne2+ 19. Kf1 Rhf8 20. Ng5 Bxg5 21. Kxe2 Rac8 22. Nc3 Rf5 23. g3 Rxe5+ 24. Kf1 Rf5 25. Rd3 Bf6 26. Rb1 g5 27. Nd1 Rc2 28. Ra3 Bd4 29.
Rxa6 Bxf2 30. Nxf2 Rfxf2+ 31. Kg1 Rg2+ 32. Kf1 Rxh2 33. Rxa7+ Kd6 34. Ra6+ Ke5 35. Re1+ Kf5 36. Kg1 Rcg2+ 37. Kf1 Rxb2 0-1

[Event "*** Titled Tuesday Blitz"]
[Site "Chess.com"]
[Date "2019.06.04"]
[Round "5"]
[White "Thee-Chessboy"]
[Black "KazakhFighter04"]
[Result "0-1"]
[WhiteElo "2436"]
[BlackElo "2630"]
[TimeControl "180+2"]
[EndTime "14:05:37 PDT"]
[Termination "KazakhFighter04 won by resignation"]

1. d4 Nf6 2. c4 e6 3. Nf3 c5 4.
d5 exd5 5. cxd5 b5 6. Bg5 h6 7.
Bh4 Bb7 8. e3 g5 9. Bg3 Nxd5 10.
Nbd2 Bg7 11. Bxb5 Bxb2 12. O-O O-O 13. Nc4 Nc3 14. Qb3 Bxa1 15. Rxa1 Ne2+ 16. Kh1 Nxg3+ 17.
hxg3 d5 18. Nce5 Qb6 19. Rb1 a6 20. Ba4 Qxb3 21. Rxb3 Ra7 22. Rb6 Kg7 23. Ng4 f6 24. Ngh2 Rc8 25. Nf1 Bc6 26. Bc2 Rb7 27. Rxb7+ Bxb7 28.
g4 d4 29. Ng3 Bxf3 30. gxf3 Rd8 31. Nf5+ Kf8 32. exd4 cxd4 33. Bd3 Nc6 0-1

[Event "*** Titled Tuesday Blitz"]
[Site "Chess.com"]
[Date "2019.06.04"]
[Round "5"]
[White "LarissaSteenbekkers"]
[Black "gammagramma"]
[Result "1-0"]
[WhiteElo "1979"]
[BlackElo "2621"]
[TimeControl "180+2"]
[EndTime "14:05:37 PDT"]
[Termination "LarissaSteenbekkers won by resignation"]

1. e4 e6 2. d4 d5 3. Nd2 Nf6 4. e5 Ne4 5. Nxe4 dxe4 6. Bc4 c5 7.
d5 exd5 8. Qxd5 Qxd5 9. Bxd5 Nc6 10. Bf4 Bf5 11. Ne2 Nd4 12. Nxd4 cxd4 13. Bxb7 Rb8 14.
Bc6+ Ke7 15. O-O-O d3 16. Bd5 Rc8 17. c3 h6 18. h4 Rc5 19. c4 Be6 20. Be3 Rxd5 21. cxd5 Bxd5 22. b3 Ke6 23. Kb2 Kxe5 24. Bxa7 Ba3+ 25.
Kxa3 Ra8 26. Kb2 Rxa7 27. Rhe1 f5 28. Rxd3 g5 29. hxg5 hxg5 30. Rc3 Rh7 31. Rd1 Be6 32. Rc5+ Kf4 33. Rd6 Re7 34. g3+ Kf3 35. Re5 Kxf2 36. Rdxe6 Rf7 37. Re7 Rf8 38. Re8 Rf7 39. R5e7 Rf6 40. a4 Kxg3 41. a5 Kf3 42. Re6 Rf7 43. a6 g4 44. R6e7 Rf6 45. a7 Ra6 46. a8=Q Rxa8 47.
Rxa8 g3 48. Rf7 f4 49. Raf8 g2 50. Rxf4+ Kg3 51. Rxe4 g1=Q 52. Rg8+ Kh3 53. Rxg1 1-0

[Event "*** Titled Tuesday Blitz"]
[Site "Chess.com"]
[Date "2019.06.04"]
[Round "5"]
[White "MagnutssCarleson"]
[Black "Alopekos"]
[Result "1-0"]
[WhiteElo "2301"]
[BlackElo "2492"]
[TimeControl "180+2"]
[EndTime "14:05:38 PDT"]
[Termination "MagnutssCarleson won by resignation"]

1. Nf3 Nf6 2. g3 e6 3. Bg2 d5 4. O-O Be7 5. c4 O-O 6. Nc3 d4 7. Nb1 Nc6 8. d3 e5 9. Nbd2 Bf5 10. Nh4 Be6 11. a3 a5 12. Rb1 Qd7 13. Nhf3 Ng4 14. Qa4 f5 15. Qb5 Ra6 16. c5 a4 17. Nc4 Qc8 18. h3 Nf6 19. Nfxe5 Bd5 20. b4 Bxg2 21.
Kxg2 Na7 22. Nb6 cxb6 23. Qc4+ Kh8 24. Nf7+ Rxf7 25. Qxf7 Nc6 26. b5 Ne5 27. Qxe7 Ng6 28. Qf7 Ra8 29. cxb6 Qc2 30. Bg5 Nh5 31. Qxb7 Rf8 32.
Qf3 f4 33. g4 Nf6 34. Bxf6 Rxf6 35. b7 Rf8 36. Rfc1 1-0

[Event "*** Titled Tuesday Blitz"]
[Site "Chess.com"]
[Date "2019.06.04"]
[Round "5"]
[White "Firegrizzly"]
[Black "Slovak_fighter2000"]
[Result "1-0"]
[WhiteElo "2683"]
[BlackElo "2493"]
[TimeControl "180+2"]
[EndTime "14:05:45 PDT"]
[Termination "Firegrizzly won by resignation"]

1. d4 Nf6 2. Nf3 d5 3. Bf4 c5 4.
e3 Nc6 5. c3 cxd4 6. exd4 e6 7.
Nbd2 Nh5 8. Bg5 f6 9. Be3 Bd6 10. g3 O-O 11. Bg2 g6 12. O-O Ng7 13. Bh6 Rf7 14. Bxg7 Kxg7 15. Re1 Bd7 16. a4 Ne7 17. a5 b6 18. a6 Qc7 19. Re2 Re8 20. h4 Nf5 21. Nf1 Bb5 22. Re1 h5 23. N3d2 Bc6 24.
Qc2 Bd7 25. Qd3 Bc6 26. Nf3 Qd7 27. Ne3 Nxe3 28. Rxe3 Bb5 29. Qc2 Qc8 30. Bf1 Bxf1 31. Kxf1 Qc4+ 32. Kg2 b5 33. Nd2 Qc6 34. Qd3 e5 35.
dxe5 fxe5 36. Kg1 Bc5 37. Re2 e4 38. Qc2 Ref8 39. Rf1 Rxf2 40. Rexf2 Rxf2 41. Rxf2 Qf6 42. Nb3 Be3 43. Qe2 Bxf2+ 44. Qxf2 Qxa6 45. Nc5 Qf6 46. Qxf6+ Kxf6 47. Kf2 Kf5 48. Nb3 a6 49. Nc5 Kg4 50. Nxa6 g5 51. hxg5 Kxg5 52. Nc7 1-0

[Event "*** Titled Tuesday Blitz"]
[Site "Chess.com"]
[Date "2019.06.04"]
[Round "5"]
[White "Obito24"]
[Black "Alexander_Moskalenko"]
[Result "0-1"]
[WhiteElo "2743"]
[BlackElo "2899"]
[TimeControl "180+2"]
[EndTime "14:05:48 PDT"]
[Termination "Alexander_Moskalenko won by resignation"]

1. d4 g6 2. c4 Bg7 3. Nc3 c5 4.
Nf3 cxd4 5. Nxd4 Nc6 6. e3 Nf6 7. Be2 O-O 8. O-O d5 9. cxd5 Nxd5 10. Nxd5 Qxd5 11. Bf3 Qc5 12. Nxc6 bxc6 13. Qa4 Bf5 14. Qxc6 Qxc6 15. Bxc6 Rac8 16. Ba4 Rfd8 17.
Re1 Bc2 18. Bxc2 Rxc2 19. Rb1 e6 20. g4 Rd5 21. h3 h5 22. Kg2 hxg4 23. hxg4 a6 24.
a4 a5 25. b3 Bc3 26. Rh1 Rd3 27. e4 Bd4 28. Rf1 Re2 29. b4 Rxe4 30. bxa5 Rxg4+ 31. Kh2 Rf3 32. Rb8+ Kg7 33. a6 Be5+ 0-1

[Event "*** Titled Tuesday Blitz"]
[Site "Chess.com"]
[Date "2019.06.04"]
[Round "5"]
[White "Zhuu96"]
[Black "pultineviciuspaulius"]
[Result "1-0"]
[WhiteElo "2949"]
[BlackElo "2721"]
[TimeControl "180+2"]
[EndTime "14:05:50 PDT"]
[Termination "Zhuu96 won by resignation"]

1. e4 c6 2. d4 d5 3. Nc3 dxe4 4.
Nxe4 Bf5 5. Nc5 Nd7 6. Nxb7 Qb6 7. Nc5 Nxc5 8. dxc5 Qxc5 9. c3 Nf6 10. Nf3 e6 11.
Be3 Qa5 12. Be2 Rb8 13. Qc1 c5 14. O-O Be7 15. b4 Qc7 16. Rd1 Nd5 17. Bxc5 Bxc5 18. bxc5 Qxc5 19. c4 Nf6 20. Nd4 Bg6 21. Nb3 Qe7 22.
Na5 Rc8 23. Bf3 O-O 24. Qe3 Qc5 25. Qe1 Qa3 26. Nc6 Qc5 27. Ne5 Rfd8 28. Rxd8+ Rxd8 29. Rc1 Rd4 30. Qe3 Ne4 31. Nxg6 Ng5 32. Ne5 f6 33. Nd3 Qd6 34. c5 Qd8 35. c6 Rxd3 36. c7 Qxc7 37. Rxc7 Nxf3+ 38. Qxf3 Rxf3 39. gxf3 1-0

[Event "*** Titled Tuesday Blitz"]
[Site "Chess.com"]
[Date "2019.06.04"]
[Round "5"]
[White "gemarin"]
[Black "OglazaOskar2005"]
[Result "0-1"]
[WhiteElo "2055"]
[BlackElo "2212"]
[TimeControl "180+2"]
[EndTime "14:05:50 PDT"]
[Termination "OglazaOskar2005 won by resignation"]

1. d4 Nf6 2. c4 g6 3. Nc3 d5 4. Nf3 Bg7 5. Qb3 dxc4 6. Qxc4 O-O 7. e4 Nc6 8. d5 Na5 9. Qa4 c6 10. Bd2 Bd7 11. b4 Nxe4 12. Nxe4 Bxa1 13. Qxa5 Qxa5 14.
bxa5 cxd5 15. Nc3 e6 16. Bd3 Rfc8 17. Ne2 e5 18. Bb1 f6 19. O-O Bb2 20. h3 d4 21.
Ng3 Kg7 22. Ne4 Be6 23. g4 h6 24. Re1 Rc6 25. Ng3 Rac8 26. Be4 Rc4 27. Bxb7 R8c7 28. a6 Bc3 29. Ne4 Bxd2 30. Nfxd2 Rc2 31. Nb3 Rxa2 32. Nc1 Ra1 33. Nd3 Rxe1+ 34. Nxe1 Rc1 35. Kf1 Bc4+ 36. Kg2 Rxe1 37. Nd6 Bf1+ 38. Kf3 d3 39. Nc4 e4+ 40. Kf4 Bg2 41. h4 e3 42. Nxe3 Bxb7 43. axb7 Rb1 44. Ke4 d2 45. Kd3 d1=Q+ 46. Nxd1 Rxd1+ 47. Kc2 Rd8 0-1

[Event "*** Titled Tuesday Blitz"]
[Site "Chess.com"]
[Date "2019.06.04"]
[Round "5"]
[White "PaulfromSPb"]
[Black "BillieKimbah"]
[Result "0-1"]
[WhiteElo "2660"]
[BlackElo "2782"]
[TimeControl "180+2"]
[EndTime "14:05:54 PDT"]
[Termination "BillieKimbah won by resignation"]

1. d4 Nf6 2. Bf4 c5 3. e3 Qb6 4. Nc3 cxd4 5. exd4 a6 6. Rb1 d5 7. Nf3 Nc6 8. h3 Bf5 9. Bd3 Bg6 10. Bxg6 hxg6 11. Na4 Qa5+ 12. c3 e6 13. b4 Qd8 14.
O-O Be7 15. Nc5 b6 16. Nxa6 Bd6 17. Qa4 Rc8 18. Ne5 Bxe5 19. Bxe5 Ne4 20. Rbc1 O-O 21. Bh2 Qg5 22. Qd1 Ne7 23. Qd3 Nf5 24. Kh1 Rc4 25.
Nc7 Qxc1 26. Qxc4 Nxf2+ 27. Kg1 Nxh3+ 28. Kh1 Nf2+ 29. Kg1 Qe3 30. Qa6 Ng4+ 31. Kh1 Qh6 0-1

[Event "*** Titled Tuesday Blitz"]
[Site "Chess.com"]
[Date "2019.06.04"]
[Round "5"]
[White "SoltaniciR"]
[Black "awesomevishesh"]
[Result "0-1"]
[WhiteElo "2584"]
[BlackElo "2446"]
[TimeControl "180+2"]
[EndTime "14:05:54 PDT"]
[Termination "awesomevishesh won by resignation"]

1. e4 c5 2. Nf3 Nc6 3. Nc3 e5 4. Bc4 d6 5. d3 Be7 6. Nd2 Nf6 7. Nf1 O-O 8. Ne3 Nd7 9. a3 Nb6 10. Ba2 Bg5 11. O-O Kh8 12. Ncd5 Nxd5 13. Nxd5 Bxc1 14. Rxc1 f5 15. exf5 Bxf5 16. Ne3 Bg6 17. Bd5 Rc8 18. g3 Qd7 19. Bg2 Bf7 20. f4 Rce8 21. Qd2 d5 22. fxe5 Nxe5 23. Rce1 d4 24. Nf5 Bd5 25. Nh4 Bxg2 26.
Qxg2 Ng4 27. Rxe8 Rxe8 28. Qf3 Kg8 29. Nf5 Ne3 30. Nxe3 dxe3 31. Re1 g6 32. Re2 b6 33. Rxe3 Qd4 34. Kf2 Rf8 0-1

[Event "*** Titled Tuesday Blitz"]
[Site "Chess.com"]
[Date "2019.06.04"]
[Round "5"]
[White "GMKrikor"]
[Black "chesstatour"]
[Result "1-0"]
[WhiteElo "2700"]
[BlackElo "2033"]
[TimeControl "180+2"]
[EndTime "14:05:55 PDT"]
[Termination "GMKrikor won by resignation"]

1. d4 Nf6 2. Bg5 Ne4 3. Bf4 c5 4. f3 Nf6 5. dxc5 Qa5+ 6. Nc3 Qxc5 7.
e4 d6 8. Qd2 g6 9. O-O-O Bg7 10.
Kb1 Be6 11. Nge2 a6 12. Nd4 Bd7 13. Be3 Qc7 14. g4 Nc6 15. h4 h5 16. g5 Nh7 17.
Nd5 Qd8 18. Nxc6 bxc6 19. Bb6 Qb8 20. Nc7+ Kf8 21. Nxa8 Qxa8 22. Bd4 c5 23. Bxg7+ Kxg7 24. Qc3+ f6 25. Rg1 Rf8 26. gxf6+ Nxf6 27. e5 dxe5 28. Qxe5 Qc8 29. Bd3 Be8 30. Bxg6 Bxg6 31. Qg5 Qe8 32. Rd8 Qf7 33. Rxf8 Kxf8 34. Qxg6 Qxg6 35. Rxg6 Kf7 36. Rg5 c4 37. b4 Nd7 38. a4 Kf6 39. Rxh5 Ne5 40. Rxe5 Kxe5 41. b5 axb5 42. axb5 1-0

[Event "*** Titled Tuesday Blitz"]
[Site "Chess.com"]
[Date "2019.06.04"]
[Round "5"]
[White "alturas_pacificas"]
[Black "GremioPrudente"]
[Result "1/2-1/2"]
[WhiteElo "2267"]
[BlackElo "2129"]
[TimeControl "180+2"]
[EndTime "14:05:56 PDT"]
[Termination "Game drawn by agreement"]

1. d4 d5 2. Bf4 e6 3. e3 Bd6 4. Bg3 Nf6 5. Nf3 O-O 6. Nbd2 c5 7. c3 Qc7 8. Ne5 Nbd7 9. f4 Ne4 10. Nxe4 dxe4 11. Be2 Nxe5 12. fxe5 Be7 13. O-O b6 14. d5 exd5 15. e6 Qc6 16. exf7+ Rxf7 17. Rxf7 Kxf7 18.
Bb5 Qe6 19. Qh5+ Kg8 20. c4 Bb7 21. cxd5 Bxd5 22. Rd1 Rf8 23. b3 Rf5 24. Qe2 Qf7 25. h3 Be6 26. Kh2 h6 27. Bc4 Bxc4 28. bxc4 Kh7 29.
Rd7 Qf6 30. Rxa7 Bd6 1/2-1/2

[Event "*** Titled Tuesday Blitz"]
[Site "Chess.com"]
[Date "2019.06.04"]
[Round "5"]
[White "catalin009"]
[Black "GMHess"]
[Result "0-1"]
[WhiteElo "2490"]
[BlackElo "2660"]
[TimeControl "180+2"]
[EndTime "14:05:57 PDT"]
[Termination "GMHess won by resignation"]

1. Nf3 g6 2. g3 Bg7 3. Bg2 c6 4. O-O d5 5. d4 Nf6 6. c4 dxc4 7. Na3 b5 8. Ne5 Nd5 9. b3 c3 10. e4 Nb6 11. Qf3 Bxe5 12. dxe5 b4 13. Nc2 a5 14. Bh6 Qc7 15. Qe3 Ba6 16. Rfd1 N8d7 17. f4 c5 18. a3 a4 19. axb4 axb3 20. e6 bxc2 21. exd7+ Nxd7 22. Rdc1 cxb4 23. Qd4 Qc5 24. Qxc5 Nxc5 25. Rxc2 Nb3 26.
Ra4 Nd4 27. Rf2 c2 28. f5 b3 29. Rxd4 b2 30. Rb4 c1=Q+ 0-1

[Event "*** Titled Tuesday Blitz"]
[Site "Chess.com"]
[Date "2019.06.04"]
[Round "5"]
[White "iturrizaga"]
[Black "mikhaillushenkov"]
[Result "1-0"]
[WhiteElo "2927"]
[BlackElo "2722"]
[TimeControl "180+2"]
[EndTime "14:05:58 PDT"]
[Termination "iturrizaga won by checkmate"]

1. c4 e6 2. g3 d5 3. Bg2 Nf6 4. Nf3 c6 5. b3 Nbd7 6. Bb2 Bd6 7. d4 O-O 8. O-O Ne4 9. Nbd2 f5 10. Ne5 Nxe5 11.
dxe5 Bc5 12. Qc2 Nxd2 13. Qxd2 Qe7 14. a3 Bd7 15. b4 Bb6 16. c5 Bc7 17. f4 Be8 18.
Bf3 h6 19. h4 g6 20. Bd4 Rf7 21. Kf2 Rg7 22. Rfb1 g5 23. hxg5 hxg5 24. Rh1 g4 25.
Bg2 Rh7 26. Rhb1 Bd7 27. a4 a6 28. b5 axb5 29. axb5 Rxa1 30. Rxa1 cxb5 31. Ra8+ Kf7 32. Qa2 Bc6 33. Rc8 Kg6 34. Qa8 b4 35. Rxc7 Qxc7 36. Qg8+ Kh5 37. Qg5# 1-0